cohdb
Replays
Latest Replays
All Replays
Popular Replays
Top Player Replays
Match Explorer
How It Works
Community
CoH3 Stats
Reddit
Sign in to upload your games and track your stats! →
Sign in with Steam
Match 45455980
Unlisted
Match 45455980
Overview
Messages
Build Orders
End
Construct Barracks
Selects Advanced Infantry Battlegroup
Riflemen Squad
Riflemen Squad
Riflemen Squad
Grenade Package
Air Support Center
Selects Convert to Ranger Squad
Convert to Ranger Squad
Grasshopper Recon Run
M1918 Browning Automatic Rifles
Riflemen Squad
Convert to Ranger Squad
AI Takeover
Walt
RitraXP
Tsarluis
smith.mitchell32
侽朲味
perroDINAMITA
把对面当日本人打
AnticRizen1
0
0
Comments
sign in to comment!
No comments posted yet!